 Dungeon Crawl Stone Soup version 0.31.0-32-g396128a36d (webtiles) character file.

Game seed: 9191103530845552603

123986 bonety the Warrior (level 16, -6/165 HPs)
             Began as a Minotaur Berserker on Mar 29, 2024.
             Was a High Priest of Trog.
             Succumbed to a naga ritualist's toxic radiance
             ... on level 3 of the Snake Pit.
             The game lasted 01:19:35 (32488 turns).

bonety the Warrior (Minotaur Berserker)            Turns: 32488, Time: 01:19:36

Health: -6/165     AC: 46    Str: 35    XL:     16   Next: 38%
Magic:  15/15      EV: 23    Int:  4    God:    Trog [*****.]
Gold:   520        SH: 17    Dex: 17    Spells: 15/15 levels left

rFire   . . .        X - +5 war axe (flame)
rCold   + . .        L - +2 kite shield {AC+3}
rNeg    . . .        W - +13 crystal plate armour {ponderous}
rPois   .            (helmet restricted)
rElec   .            Z - +0 cloak
rCorr   .            (no gloves)
SInv    .            E - +2 pair of boots
Will    +++..        v - amulet of the acrobat Stlth
                     r - +6 ring of strength
HPRegen 1.47/turn    b - ring of the Stag {rC+ Dex+6 Slay+6}
MPRegen 0.14/turn

%: acrobat
@: lethally poisoned (-6 -> -29), strong-willed, on berserk cooldown, acrobatic,
regenerating, slowed, studying Dodging, very slow
A: horns 2, retaliatory headbutt
a: Renounce Religion, Berserk, Trog's Hand, Brothers in Arms


You were on level 3 of the Snake Pit.
You worshipped Trog.
Trog was extremely pleased with you.
You visited 4 branches of the dungeon, and saw 25 of its levels.
You also visited: Bailey.

You collected 2532 gold pieces.
You spent 2012 gold pieces at shops.

Inventory:

Hand Weapons
 X - a +5 war axe of flaming (weapon)
Missiles
 P - 27 javelins (quivered)
 U - 2 throwing nets
Armour
 E - a +2 pair of boots (worn)
 L - a +2 kite shield of protection (worn)
 W - a +13 crystal plate armour of ponderousness (worn)
 Z - a +0 cloak (worn)
Jewellery
 b - the ring of the Stag (right hand) {rC+ Dex+6 Slay+6}
   (You bought it in a shop on level 2 of the Orcish Mines)

   [ring of dexterity]

   Dex+6:     It affects your dexterity (+6).
   Slay+6:    It affects your accuracy & damage with ranged weapons and melee
   (+6).
   rC+:       It protects you from cold.
 r - a +6 ring of strength (left hand)
 s - a +4 ring of protection
 v - an amulet of the acrobat (around neck)
 x - a ring of positive energy
 I - a +4 ring of slaying
 K - an amulet of faith
 M - a +6 ring of dexterity
 T - a ring of flight
Wands
 w - a wand of polymorph (22)
 C - a wand of paralysis (13)
 H - a wand of roots (17)
 J - a wand of flame (28)
 Q - a wand of acid (4)
 R - a wand of digging (18)
Scrolls
 c - 4 scrolls of immolation
 d - 5 scrolls of revelation
 i - 6 scrolls of teleportation
 k - 3 scrolls of noise
 m - 3 scrolls of fog
 p - 3 scrolls of torment
 q - 6 scrolls of poison
 u - 3 scrolls of fear
 y - a scroll of blinking
 A - 2 scrolls of silence
 G - 4 scrolls of amnesia
 O - a scroll of summoning
Potions
 a - 2 potions of invisibility {unknown}
 e - 5 potions of heal wounds
 f - 9 potions of curing
 g - 4 potions of haste
 h - 8 potions of might
 j - 3 potions of ambrosia
 l - a potion of berserk rage {unknown}
 n - a potion of cancellation {unknown}
 o - a potion of magic {unknown}
 t - 4 potions of degeneration
 B - 3 potions of brilliance
 D - 3 potions of attraction
 F - a potion of enlightenment {unknown}
 N - a potion of resistance {unknown}


   Skills:
 + Level 20.6 Fighting
 - Level 16.0 Axes
 - Level 9.1 Throwing
 + Level 16.6 Armour
 - Level 2.4 Dodging
 + Level 17.7 Shields


You had 15 spell levels left.
You didn't know any spells.
Your spell library was empty.

Dungeon Overview and Level Annotations

Branches:
Dungeon (15/15)            Temple (0/1) D:6            Lair (5/5) D:11
  Snake (3/4) Lair:2        Slime (0/5) Lair:4          Orc (2/2) D:11
    Elf (0/3) Orc:2        Vaults (0/5) D:14         Depths (0/4) D:15
 Bailey (visited)
  Swamp: Lair:2-3    Shoals: Lair:2-3

Altars:
Elyvilon
Fedhas
Gozag
Kikubaaqudgha
Nemelex Xobeh
Sif Muna
Trog
Vehumet
Yredelemnul
The Shining One

Shops:
Orc:1 *   Orc:2 =*!(

Annotations:
Lair:5 exclusion: oklob plant


Innate Abilities, Weirdness & Mutations

You have a pair of horns on your head.
You reflexively headbutt those who attack you in melee.


Message History

You slice the naga ritualist!! You burn the naga ritualist!
You kill the naga ritualist!
Trog accepts your kill.
You slash the naga warrior! You burn the naga warrior.
You feel very sick. The naga ritualist spits poison at you.
The splash of poison hits you but does no damage.
You are more poisoned.
You slice the naga warrior!! You burn the naga warrior!
The naga warrior is heavily wounded.
You feel extremely sick.
* * * LOW HITPOINT WARNING * * *
You are more poisoned.
* * * LOW HITPOINT WARNING * * *
You are more poisoned.
The salamander shoots an arrow.
The arrow hits you.
* * * LOW HITPOINT WARNING * * *
The arrow burns you.
* * * LOW HITPOINT WARNING * * *
* * * LOW HITPOINT WARNING * * *
You feel extremely sick.
The naga warrior attacks as it pursues you!
The naga warrior hits you but does no damage.
The naga warrior closely misses you.
You feel a strong urge to attack something.
* * * LOW HITPOINT WARNING * * *
You feel extremely sick.
You are too berserk!
You are too berserk!
* * * LOW HITPOINT WARNING * * *
You feel extremely sick.
You feel your anger nearly subside.
* * * LOW HITPOINT WARNING * * *
You feel extremely sick.
You are no longer berserk.
You are exhausted.
You feel yourself slow down.
* * * LOW HITPOINT WARNING * * *
You feel extremely sick.
You die...

........##
.........####
............###
..............#
...............
#..<...# .#
#......## #.#
####....# ##..#
####@## .N..#
##.## .S.##
#..## .N..#
##..###)...#..
##.N..)......
#..N).......
#...........
.[.>.........
...............


You could see a naga warrior (strong) and a salamander (strong).

Vanquished Creatures
  Jorgrun (D:15)
  A nagaraja (Snake:2)
  An ettin (D:15)
  Josephine (Lair:3)
  Harold (Lair:2)
  4 hydras
  Erolcha (D:13)
  An ice dragon (D:13)
  An ogre mage (D:15)
  A salamander tyrant (Snake:2)
  5 centaur warriors
  2 anacondas
  5 catoblepae
  7 two-headed ogres
  A death knight (D:15)
  A boulder beetle (Lair:3)
  2 shock serpents
  3 tengu warriors (D:15)
  4 death yaks (Lair:5)
  3 naga warriors
  5 orc high priests (Orc:2)
  A naga sharpshooter (Snake:2)
  A hell knight (D:15)
  Amaemon (D:9)
  6 skeletal warriors
  2 skysharks
  2 salamander mystics (Snake:2)
  4 mana vipers
  3 naga ritualists
  Pikel (D:7)
  A phantasmal warrior (D:15)
  5 orc knights
  A lindwurm (Lair:5)
  12 ugly things
  5 cyclopes
  7 salamanders
  A manticore (shapeshifter) (D:14)
  5 manticores
  3 orc sorcerers
  5 elephants (Lair:3)
  9 naga magi
  An orange demon (D:9)
  Joseph (D:7)
  A gargoyle (D:11)
  22 black mambas
  3 rime drakes
  A torpor snail (Lair:1)
  3 kobold demonologists (D:12)
  13 komodo dragons
  11 cane toads
  An unseen horror (D:11)
  A tengu conjurer (D:15)
  6 polar bears
  4 dream sheep (Lair:4)
  6 trolls
  Grinder (D:4)
  13 blink frogs
  A raiju (shapeshifter) (D:14)
  18 slime creatures
  8 wraiths
  A vampire (D:10)
  6 wyverns
  2 shadows (D:12)
  A fire bat (shapeshifter) (D:14)
  A warg (D:14)
  68 yaks
  5 basilisks
  A steam dragon (D:6)
  4 vampire mosquitoes (D:12)
  4 nagas
  A naga (shapeshifter) (D:15)
  26 water moccasins
  2 acid dragons
  An ice beast (shapeshifter) (D:14)
  A sky beast (D:7)
  3 black bears (D:7)
  4 ice beasts
  8 ogres
  44 orc warriors
  15 wolves
  19 centaurs
  A lemure (D:7)
  3 kobold brigands
  12 bullfrogs
  3 scorpions
  10 killer bees
  A bombardier beetle (D:6)
  29 orc priests
  4 hounds
  2 jellies
  2 iguanas
  A sleepcap (D:8)
  19 orc wizards
  A scorpion zombie (D:3)
  8 adders
  2 white imps
  2 ufetubi (D:7)
  2 ribbon worms
  3 dart slugs
  83 orcs
  7 ball pythons
  7 endoplasms
  4 giant cockroaches
  16 goblins
  9 hobgoblins
  4 jackals (D:2)
  14 kobolds
  4 quokkas
  A ball python zombie (D:3)
  6 bats
  2 frilled lizards
  A jackal zombie (D:3)
  8 rats
729 creatures vanquished.

Vanquished Creatures (others)
  3 orcs (Bailey)
3 creatures vanquished.

Grand Total: 732 creatures vanquished

Notes
Turn   | Place    | Note
-------+----------+-------------------------------------------
     0 | D:1      | bonety the Minotaur Berserker began the quest for the Orb.
     0 | D:1      | Reached XP level 1. HP: 19/19 MP: 0/0
   136 | D:1      | Reached XP level 2. HP: 15/27 MP: 1/1
   413 | D:1      | Reached skill level 4 in Fighting
   945 | D:2      | Reached XP level 3. HP: 33/33 MP: 2/2
   949 | D:2      | Reached ** piety under Trog
  1381 | D:2      | Reached skill level 5 in Axes
  1552 | D:2      | Reached XP level 4. HP: 37/41 MP: 3/3
  1889 | D:3      | Found a faded altar of an unknown god.
  1968 | D:3      | Found a blossoming altar of Fedhas.
  2069 | D:3      | Reached *** piety under Trog
  2252 | D:3      | Found a basalt altar of Yredelemnul.
  2262 | D:3      | Reached XP level 5. HP: 44/47 MP: 4/4
  3052 | D:4      | Reached skill level 5 in Fighting
  3189 | D:4      | Noticed Grinder
  3198 | D:4      | Killed Grinder
  3199 | D:4      | Reached XP level 6. HP: 50/57 MP: 5/5
  3316 | D:4      | Found a white marble altar of Elyvilon.
  3330 | D:4      | Found a shimmering blue altar of Sif Muna.
  3339 | D:4      | Found an opulent altar of Gozag.
  3349 | D:4      | Found a sparkling altar of Nemelex Xobeh.
  3643 | D:5      | Entered Level 5 of the Dungeon
  3666 | D:5      | Reached skill level 6 in Fighting
  3817 | D:5      | Noticed a yak
  3817 | D:5      | Noticed a yak
  3817 | D:5      | Noticed a yak
  3818 | D:5      | Noticed a yak
  3825 | D:5      | Killed a yak
  3826 | D:5      | Reached XP level 7. HP: 64/64 MP: 6/6
  3828 | D:5      | Killed a yak
  3835 | D:5      | Killed a yak
  3836 | D:5      | Reached skill level 7 in Fighting
  3838 | D:5      | Killed a yak
  3839 | D:5      | Reached XP level 8. HP: 60/73 MP: 7/7
  4130 | D:5      | Reached skill level 10 in Axes
  4137 | D:5      | Reached **** piety under Trog
  4877 | D:6      | Found a glowing golden altar of the Shining One.
  4881 | D:6      | Reached skill level 8 in Fighting
  5068 | D:6      | Found a staircase to the Ecumenical Temple.
  5313 | D:6      | Found a radiant altar of Vehumet.
  5400 | D:6      | Found a bloodstained altar of Trog.
  5722 | D:7      | Reached skill level 9 in Fighting
  5722 | D:7      | Reached XP level 9. HP: 70/83 MP: 8/8
  6641 | D:7      | Noticed Joseph
  6658 | D:7      | Killed Joseph
  6801 | D:7      | Reached skill level 10 in Fighting
  6825 | D:7      | Noticed Pikel
  6831 | D:7      | Killed Pikel
  7422 | D:8      | Identified the +2 robe of the Eight Xenops {rElec Str+2}
  7522 | D:8      | Found an ancient bone altar of Kikubaaqudgha.
  7732 | D:8      | Reached XP level 10. HP: 94/94 MP: 9/9
  8055 | D:9      | Reached skill level 11 in Fighting
  8229 | D:9      | Noticed an orange demon
  8230 | D:9      | Noticed Amaemon
  8263 | D:9      | Killed an orange demon
  8264 | D:9      | Reached skill level 15 in Axes
  8278 | D:9      | Killed Amaemon
  8651 | D:10     | Entered Level 10 of the Dungeon
  8657 | D:10     | Found a flagged portal.
  8686 | Bailey   | Entered a bailey
  8764 | Bailey   | Reached skill level 12 in Fighting
  9806 | Bailey   | Reached XP level 11. HP: 60/106 MP: 10/10
  9817 | Bailey   | HP: 2/106 [centaur/+0 trident (6)]
 10290 | Bailey   | Reached skill level 13 in Fighting
 10900 | Bailey   | Reached skill level 15 in Fighting
 10900 | Bailey   | Reached XP level 12. HP: 119/119 MP: 11/11
 10960 | D:10     | Reached skill level 1 in Shields
 11185 | D:10     | Reached skill level 1 in Throwing
 11230 | D:10     | Reached ***** piety under Trog
 12039 | D:11     | Found a staircase to the Lair.
 12129 | D:11     | Reached skill level 5 in Shields
 12508 | D:11     | Found a staircase to the Orcish Mines.
 12819 | D:11     | Noticed a two-headed ogre
 12826 | D:11     | Killed a two-headed ogre
 13327 | D:12     | Reached skill level 16 in Fighting
 13608 | D:12     | Reached skill level 10 in Armour
 14033 | Lair:1   | Entered Level 1 of the Lair of Beasts
 14077 | Lair:1   | Received a gift from Trog
 14078 | Lair:1   | Reached skill level 5 in Throwing
 14102 | Lair:1   | Reached XP level 13. HP: 129/129 MP: 12/12
 14462 | Lair:1   | Reached skill level 10 in Shields
 14659 | Lair:1   | Identified the +5 storm dragon scales of the Rotten God
                  | {rElec rC- rCorr Int+3}
 15326 | Lair:2   | Noticed Harold
 15338 | Lair:2   | Killed Harold
 15507 | Lair:2   | Found a staircase to the Snake Pit.
 16035 | Lair:3   | Received a gift from Trog
 16049 | Lair:3   | Reached skill level 17 in Fighting
 16167 | Lair:3   | Identified the +2 chain mail of Decompression {Str+2}
 17383 | Lair:3   | Noticed Josephine
 17391 | Lair:3   | Killed Josephine
 18475 | Lair:4   | Found a staircase to the Slime Pits.
 18483 | Lair:4   | Reached XP level 14. HP: 125/140 MP: 13/13
 19666 | Lair:5   | Entered Level 5 of the Lair of Beasts
 20671 | Lair:5   | Reached skill level 18 in Fighting
 22022 | Lair:5   | Found a blossoming altar of Fedhas.
 22475 | Orc:1    | Entered Level 1 of the Orcish Mines
 22545 | Orc:1    | Found Duyguidgh's Desiderata Depot.
 22642 | Orc:1    | Bought a manual of Dodging for 960 gold pieces
 22926 | Orc:2    | Entered Level 2 of the Orcish Mines
 22926 | Orc:2    | Found a staircase to the Elven Halls.
 23820 | Orc:2    | Reached skill level 15 in Shields
 24572 | Orc:2    | Found Haossebu's Jewellery Shoppe.
 24572 | Orc:2    | Found Ehunaaju's Weapon Shoppe.
 24573 | Orc:2    | Found Qyazaz's General Store.
 24573 | Orc:2    | Found Wanyst's Distillery.
 24753 | D:13     | Noticed Erolcha
 24761 | D:13     | Killed Erolcha
 24762 | D:13     | Reached XP level 15. HP: 142/150 MP: 14/14
 24782 | D:13     | Received a gift from Trog
 25090 | D:13     | Identified the +6 sling of Entrepreneurial Spirit {heavy,
                  | rC+ Str+3 Int+3}
 25305 | D:13     | Found a frozen archway.
 25817 | D:14     | Reached skill level 19 in Fighting
 26350 | D:14     | Found a gate to the Vaults.
 26643 | D:15     | Entered Level 15 of the Dungeon
 26678 | D:15     | Reached skill level 15 in Armour
 26712 | D:15     | Found a staircase to the Depths.
 27122 | D:15     | Received a gift from Trog
 27655 | D:15     | Found a white marble altar of Elyvilon.
 27734 | D:15     | Noticed Jorgrun
 27749 | D:15     | Killed Jorgrun
 28528 | Snake:1  | Entered Level 1 of the Snake Pit
 28762 | Orc:2    | Bought the ring of the Stag {rC+ Dex+6 Slay+6} for 1052
                  | gold pieces
 29037 | Snake:1  | Reached skill level 20 in Fighting
 29704 | Snake:1  | Reached XP level 16. HP: 162/162 MP: 15/15
 30735 | Snake:2  | Identified the +5 scale mail "Opaneeta" {rElec Will+ Str+2
                  | Dex-3}
 32487 | Snake:3  | HP: 5/165 [poisoned by a naga ritualist (toxic radiance)]
 32488 | Snake:3  | Succumbed to a naga ritualist's toxic radiance

Illustrated notes

Levels and vault maps discovered:
D:1:      dpeg_arrival_round_b, layout_basic, kennysheep_decorative_pillar
D:2:      minmay_chambers_of_twos, layout_basic
D:3:      mumra_celtic_spiral_tile, layout_rooms,
          nicolae_overflow_crystal_walls, nicolae_yredelemnul_corpse_copse,
          chequers_ecumenical_altar_simple, minmay_box_of_dots
D:4:      layout_loops_ring, grunt_temple_overflow_cloverleaf, uniq_grinder
D:5:      layout_loops_corners, enter_ossuary_3
D:6:      layout_loops_corners, mainiacjoe_overflow_brackets,
          minmay_temple_entry_ruins, hangedman_feature_mirror,
          minmay_statues_item
D:7:      layout_cave_pools, uniq_pikel, uniq_joseph
D:8:      layout_gridville, lemuel_crystal_altar
D:9:      layout_rooms, uniq_amaemon
D:10:     layout_basic, enter_bailey_5
D:11:     layout_loops_ring, minmay_lair_entry_grove
D:12:     layout_stronghold
D:13:     layout_loops_ring, portal_ice_cave_entry_animals_and_master,
          uniq_erolcha
D:14:     layout_stronghold, david_vaults_2, corexii_leaking_fountain
D:15:     hangedman_depths_entry_civil_slaughter, layout_basic,
          lemuel_doored_altar, uniq_jorgrun
Lair:1:   layout_loops_ring, grunt_megastairs_2, serial_bayou_shore_a
Lair:2:   layout_gridlike, minmay_snake_entry_six_corridors, uniq_harold
Lair:3:   layout_chaotic_city, palyth_hydra_swamp_entry,
          gammafunk_lair_bear_cave, uniq_josephine
Lair:4:   layout_small_grid, slime_entry_1
Lair:5:   evilmike_catoblepas_cave, layout_regular_city, tgw_fedhas
Snake:1:  layout_misc_corridors, special_room, lemuel_fruit_tree,
          nicolae_triple_integral
Snake:2:  layout_chambers, serial_library_hellmonk_octagon
Snake:3:  layout_layer_cave, basic_altar, minmay_shop_grove
Orc:1:    layout_caves, dreamdust_deal_with_the_devil, nicolae_alphabet_shops
Orc:2:    st_orc_pillars, layout_diamond_mine, nicolae_orc_found_a_spring

Skill      XL: |  1  2  3  4  5  6  7  8  9 10 11 12 13 14 15 16 |
---------------+-------------------------------------------------+-----
Axes           | 4 5 7 8 9 11 14 16 | 16.0
Fighting       | 4 5 6 7 9 10 12 15 16 17 18 20 | 20.6
Armour         | 8 10 12 14 15 16 | 16.6
Shields        | 8 12 15 17 | 17.7
Throwing       | 5 7 9 |  9.1
Dodging        | |  2.4

Action                     |  1- 3 |  4- 6 |  7- 9 | 10-12 | 13-15 | 16-18 || total
---------------------------+-------+-------+-------+-------+-------+-------++-------
  Melee: Hand axe          |    90 |    14 |       |       |       |       ||   104
         Headbutt          |    11 |    12 |    24 |    74 |   278 |    27 ||   426
         Punch             |     1 |     1 |       |       |       |       ||     2
         War axe           |       |   107 |   146 |   360 |  1006 |   119 ||  1738
         Long sword        |       |       |       |       |    57 |       ||    57
  Throw: Javelin           |       |       |       |     4 |     1 |       ||     5
 Invoke: Berserk           |       |     2 |     3 |     5 |    13 |     1 ||    24
         Trog's Hand       |       |       |       |     1 |     9 |     1 ||    11
    Use: Scroll            |       |     4 |     6 |     5 |     5 |    12 ||    32
         Potion            |       |       |       |     1 |       |       ||     1
   Stab: Sleeping          |     1 |       |       |       |       |       ||     1
 Armour: Animal skin       |    48 |     9 |       |       |       |       ||    57
         Plate armour      |       |    84 |   145 |   396 |   605 |       ||  1230
         Ring mail         |       |     9 |       |       |       |       ||     9
         Crystal plate arm |       |       |       |       |   265 |    62 ||   327
  Dodge: Dodged            |    56 |    66 |    88 |   305 |   335 |    33 ||   883
  Block: Buckler           |       |     4 |    21 |       |       |       ||    25
         Kite shield       |       |       |     2 |   192 |   610 |    87 ||   891
